 Dungeon Crawl Stone Soup version 0.21-a0-582-g1b93aee (webtiles) character file.

99 Gaball the Slasher (level 4, -2/38 HPs)
             Began as a Draconian Abyssal Knight on Dec 19, 2017.
             Was a Follower of Lugonu.
             Slain by a gnoll
             ... wielding a +2 spear of freezing
              (11 damage)
             ... on level 1 of the Dungeon.
             The game lasted 00:02:49 (1647 turns).

Gaball the Slasher (Draconian Abyssal Knight)       Turns: 1647, Time: 00:02:49

Health: -2/38      AC:  8    Str: 15    XL:     4   Next: 45%
Magic:  5/5        EV: 12    Int: 12    God:    Lugonu [*.....]
Gold:   80         SH:  0    Dex: 11    Spells: 3/3 levels left

rFire    . . .     SeeInvis .   a - +1 falchion
rCold    . . .     Gourm    .   (no shield)
rNeg     . . .     Faith    .   (armour unavailable)
rPois    .         Spirit   .   (helmet restricted)
rElec    .         Reflect  .   (no cloak)
rCorr    .         Harm     .   c - +2 pair of gloves
MR       .....                  (no boots)
Stlth    +.........             (no amulet)
HPRegen  0.12/turn              (no ring)
MPRegen  0.09/turn              (no ring)

@: no status effects
A: unfitting armour, cold-blooded, AC +5
a: Depart the Abyss, Renounce Religion


You were on level 1 of the Dungeon.
You worshipped Lugonu.
Lugonu was aware of your devotion.
You were hungry.

You visited 1 branch of the dungeon, and saw 2 of its levels.
You visited the Abyss 1 time.

You collected 80 gold pieces.

Inventory:

Hand Weapons
 a - a +1 falchion (weapon)
 l - a +3 hunting sling
Armour
 c - a +2 pair of gloves (worn)
Jewellery
 h - an uncursed amulet of the gourmand {unknown}
 i - a +3 ring of protection {unknown}
Scrolls
 g - a scroll of blinking {unknown}
 k - a scroll of remove curse {unknown}
Potions
 d - 2 potions of curing {unknown}
 e - a potion of haste {unknown}
 f - a potion of berserk rage {unknown}
 j - a potion of flight {unknown}
 n - 2 potions of heal wounds {unknown}
Comestibles
 b - 5 rations


   Skills:
 - Level 3.2 Fighting
 + Level 4.8 Long Blades
 - Level 2.1 Dodging
 - Level 2.0 Invocations


You had 3 spell levels left.
You didn't know any spells.

Dungeon Overview and Level Annotations

Branches:
Dungeon (2/15)

Altars:
Ru


Innate Abilities, Weirdness & Mutations

Your plain brown scales are hard. (AC +5)
You cannot fit into any form of body armour.
You are cold-blooded and may be slowed by cold attacks.


Message History

There is a stone staircase leading down here.
You hit the gnoll.
The gnoll is almost dead.
The gnoll hits you but does no damage. The gnoll hits you with a whip.
You hit the gnoll.
You kill the gnoll!
Lugonu accepts your kill. The gnoll barely misses you.
You barely miss the gnoll. The gnoll closely misses you.
You riposte.
You barely miss the gnoll.
The gnoll hits you with a spear of freezing!
* * * LOW HITPOINT WARNING * * *
You feel yourself slow down. The gnoll freezes you.
* * * LOW HITPOINT WARNING * * *
You hit the gnoll but do no damage. The gnoll hits you but does no damage.
You barely miss the gnoll.
You feel yourself speed up. The gnoll barely misses you.
The gnoll hits you with a spear of freezing!
You die...

...........#..##.#
...........#...#.#
...........#...#.#
...........##..#.#
...........##....#
##############...#
#...# ##g)# #.@#
####


You could see a gnoll.

Vanquished Creatures
  3 gnolls
  2 adders (D:2)
  4 leopard geckos
  4 bats
  3 giant cockroaches
  6 goblins (D:2)
  7 hobgoblins
  2 jackals (D:1)
  6 kobolds
  2 quokkas (D:2)
  A ball python (D:1)
  2 frilled lizards
  3 rats (D:1)
45 creatures vanquished.

Notes
Turn   | Place    | Note
-------+----------+-------------------------------------------
     0 | Abyss:1  | Gaball the Draconian Abyssal Knight began the quest for the Orb.
     0 | Abyss:1  | Reached XP level 1. HP: 19/19 MP: 2/2
    36 | Abyss:1  | Noticed a thrashing horror
    36 | Abyss:1  | Noticed an Executioner
    42 | D:1      | Escaped the Abyss
   450 | D:1      | Reached XP level 2. HP: 23/26 MP: 3/3
   471 | D:1      | Reached * piety under Lugonu
   471 | D:1      | Reached skill level 3 in Long Blades
   713 | D:1      | Reached XP level 3. HP: 24/31 MP: 4/4
  1013 | D:2      | Reached skill level 4 in Long Blades
  1148 | D:2      | Reached XP level 4. HP: 30/38 MP: 5/5
  1536 | D:2      | Found a sacrificial altar of Ru.
  1647 | D:1      | Slain by a gnoll

Vault maps used:
D:1:      dpeg_arrival_solitude
D:2:      cheibrodos_greedy_goblins, lemuel_crystal_altar, first_ration,
          nicolae_ru_the_path_less_chosen

Skill      XL: |  1  2  3 |
---------------+----------+-----
Long Blades    | 3 4 |  4.8
Fighting       | |  3.2
Dodging        | |  2.1
Invocations    | |  2.0

Action                   |  1- 3 |  4- 6 || total
-------------------------+-------+-------++-------
Melee: Falchion          |    88 |    37 ||   125
       Tailslap          |     7 |     5 ||    12
Invok: Depart the Abyss  |     1 |       ||     1
  Eat: Chunk             |       |     2 ||     2
Armor: Skin              |    21 |    19 ||    40
Dodge: Dodged            |    71 |    39 ||   110
       Rpst.: Falchion   |    27 |    14 ||    41

Table legend:
 A = Spawn XP
 B = Non-spawn XP
 C = Spawn XP percentage of total XP
 D = Spawn monster count
 E = Non-spawn monster count
 F = Spawn count percentage of total count
 G = Total turns spent on level
                    A         B        C        D         E        F      G
               +---------+---------+-------+---------+---------+-------+---------
         Total |       0 |     142 |   0.0 |       0 |      45 |   0.0 |  1647
               +---------+---------+-------+---------+---------+-------+---------
           D:1 |       0 |      63 |   0.0 |       0 |      23 |   0.0 |  1123
           D:2 |       0 |      79 |   0.0 |       0 |      22 |   0.0 |   482
               +---------+---------+-------+---------+---------+-------+---------
